PL
LOUISVILLE BC @ ATLANTA SMOKE
09/19/2022
 
TOP OF THE 1ST
Louisville BC batting - Pitching for Atlanta Smoke : RHP Makoto Kato
Pitching: RHP Makoto Kato
Batting: RHB Paul Houston 0-0: Called Strike
0-1: Foul Ball, location: 2F
0-2: Fly out, F8 (Popup, 89S)
Batting: RHB Keith Best 0-0: Ball
1-0: Ball
2-0: Fly out, F8 (Line Drive, 8LM)
Batting: RHB Andrés Rodríguez 0-0: Ball
1-0: Foul Ball, location: 2F
1-1: SINGLE (Flyball, 8RS)
Batting: LHB Tim Hargrove 0-0: Ball
1-0: Fielders Choice at 2nd, U6 (Groundball, 6M)
Top of the 1st over - 0 run(s), 1 hit(s), 0 error(s), 1 left on base; Louisville 0 - Atlanta 0
BOTTOM OF THE 1ST
Atlanta Smoke batting - Pitching for Louisville BC : RHP John Wilkins
Pitching: RHP John Wilkins
Batting: LHB Albert Morán 0-0: Foul Ball, location: 2F
0-1: Foul Ball, location: 2F
0-2: Foul Ball, location: 2F
0-2: Strikes out swinging
Batting: RHB Mike Brown 0-0: Ball
1-0: Foul Ball, location: 2F
1-1: Foul Ball, location: 2F
1-2: Ball
2-2: Foul Ball, location: 2F
2-2: Foul Ball, location: 2F
2-2: Fly out, F8 (Line Drive, 8LM)
Batting: RHB Bob Campbell 0-0: Called Strike
0-1: Foul Ball, location: 2F
0-2: Foul Ball, location: 2F
0-2: Ball
1-2: Foul Ball, location: 2F
1-2: Foul Ball, location: 2F
1-2: SINGLE (Flyball, 8LS) - OUT at second base trying to stretch hit.
Bottom of the 1st over - 0 run(s), 1 hit(s), 0 error(s), 0 left on base; Louisville 0 - Atlanta 0
TOP OF THE 2ND
Louisville BC batting - Pitching for Atlanta Smoke : RHP Makoto Kato
Batting: RHB Chi-ju Zhang 0-0: Ball
1-0: Called Strike
1-1: Foul Ball, location: 2F
1-2: Ball
2-2: SINGLE (Flyball, 8LS)
Batting: RHB Luis Mendoza 0-0: Ball
1-0: Called Strike
1-1: Swinging Strike
1-2: Ball
2-2: Strikes out swinging
Batting: LHB Gregory Johnson 0-0: Ball
1-0: Foul Ball, location: 2F
1-1: Ball
2-1: Ball
3-1: Fly out, F7 (Popup, 56D)
Batting: RHB Kyle Bridges 0-0: Ball
Chi-ju Zhang steals 2nd base
1-0: Foul Ball, location: 2F
1-1: Ground out 4-3 (Groundball, 13)
Top of the 2nd over - 0 run(s), 1 hit(s), 0 error(s), 1 left on base; Louisville 0 - Atlanta 0
BOTTOM OF THE 2ND
Atlanta Smoke batting - Pitching for Louisville BC : RHP John Wilkins
Batting: RHB Iván Pérez 0-0: Foul Ball, location: 2F
0-1: Ball
1-1: Called Strike
1-2: Foul Ball, location: 2F
1-2: SINGLE (Groundball, 6)
Batting: LHB Armando Esparza 0-0: Swinging Strike
0-1: Called Strike
0-2: Foul Ball, location: 2F
0-2: Foul Ball, location: 2F
0-2: Ball
1-2: Foul Ball, location: 2F
1-2: Fly out, F7 (Popup, 6D)
Batting: RHB Cale Sutton 0-0: Ball
1-0: Foul Ball, location: 2F
1-1: Ball
2-1: Ball
3-1: Called Strike
3-2: Ground out U3 (Groundball, 3S)
Iván Pérez to second
Batting: RHB Chris Teague 0-0: Ball
1-0: Ball
2-0: Ground out 6-3 (Groundball, 56)
Bottom of the 2nd over - 0 run(s), 1 hit(s), 0 error(s), 1 left on base; Louisville 0 - Atlanta 0
TOP OF THE 3RD
Louisville BC batting - Pitching for Atlanta Smoke : RHP Makoto Kato
Batting: RHB Roberto Guerrero 0-0: Called Strike
0-1: Foul Ball, location: 2F
0-2: Foul Ball, location: 2F
0-2: Ball
1-2: Ball
2-2: Ball
3-2: Strikes out looking
Batting: RHB Paul Houston 0-0: Ball
1-0: Called Strike
1-1: Called Strike
1-2: Ball
2-2: Ball
3-2: Strikes out swinging
Batting: RHB Keith Best 0-0: Ball
1-0: Called Strike
1-1: Ball
2-1: Ground out 5-3 (Groundball, 5L)
Top of the 3rd over - 0 run(s), 0 hit(s), 0 error(s), 0 left on base; Louisville 0 - Atlanta 0
BOTTOM OF THE 3RD
Atlanta Smoke batting - Pitching for Louisville BC : RHP John Wilkins
Batting: RHB Bartolo Morales 0-0: Ball
1-0: Ball
2-0: Called Strike
2-1: Ground out 5-3 (Groundball, 56)
Batting: RHB Mike Burns 0-0: Ball
1-0: Ball
2-0: Ball
3-0: Called Strike
3-1: Called Strike
3-2: SINGLE (Line Drive, 6MD)
Batting: LHB Albert Morán 0-0: Called Strike
0-1: Ball
1-1: Foul Ball, location: 2F
1-2: Foul Ball, location: 2F
1-2: Fly out, F2 (Popup, 2LF)
Batting: RHB Mike Brown 0-0: Called Strike
Mike Burns steals 2nd base
0-1: Ball
1-1: Foul Ball, location: 2F
1-2: Foul Ball, location: 2F
1-2: Fly out, F8 (Flyball, 8LM)
Bottom of the 3rd over - 0 run(s), 1 hit(s), 0 error(s), 1 left on base; Louisville 0 - Atlanta 0
TOP OF THE 4TH
Louisville BC batting - Pitching for Atlanta Smoke : RHP Makoto Kato
Batting: RHB Andrés Rodríguez 0-0: Called Strike
0-1: Ball
1-1: Ground out 2-3 (Groundball, 2R)
Batting: LHB Tim Hargrove 0-0: Called Strike
0-1: Foul Ball, location: 2F
0-2: Ground out 2-3 (Groundball, 13S)
Batting: RHB Chi-ju Zhang 0-0: Ball
1-0: Foul Ball, location: 2F
1-1: Ball
2-1: Foul Ball, location: 2F
2-2: Strikes out swinging
Top of the 4th over - 0 run(s), 0 hit(s), 0 error(s), 0 left on base; Louisville 0 - Atlanta 0
BOTTOM OF THE 4TH
Atlanta Smoke batting - Pitching for Louisville BC : RHP John Wilkins
Batting: RHB Bob Campbell 0-0: Foul Ball, location: 2F
0-1: Ball
1-1: Ball
2-1: Swinging Strike
2-2: Ground out 1-3 (Groundball, 13S)
Batting: RHB Iván Pérez 0-0: Called Strike
0-1: Ball
1-1: Ball
2-1: Foul Ball, location: 2F
2-2: Ball
3-2: Fly out, F3 (Popup, 3F)
Batting: LHB Armando Esparza 0-0: Ball
1-0: SINGLE (Groundball, 34)
Batting: RHB Cale Sutton 0-0: Called Strike
0-1: Called Strike
0-2: Ball
1-2: Reached on error, E4 (Groundball, 4)
Armando Esparza to second
Batting: RHB Chris Teague 0-0: Ball
1-0: Fly out, F9 (Line Drive, 89M)
Bottom of the 4th over - 0 run(s), 1 hit(s), 1 error(s), 2 left on base; Louisville 0 - Atlanta 0
TOP OF THE 5TH
Louisville BC batting - Pitching for Atlanta Smoke : RHP Makoto Kato
Batting: RHB Luis Mendoza 0-0: Ball
1-0: Swinging Strike
1-1: Ball
2-1: Called Strike
2-2: Foul Ball, location: 2F
2-2: Foul Ball, location: 2F
2-2: Strikes out swinging
Batting: LHB Gregory Johnson 0-0: Called Strike
0-1: Ball
1-1: Ball
2-1: Swinging Strike
2-2: Strikes out swinging
Batting: RHB Kyle Bridges 0-0: Ball
1-0: Called Strike
1-1: Swinging Strike
1-2: Ball
2-2: Ball
3-2: DOUBLE (Line Drive, 9LM)
Batting: RHB Roberto Guerrero 0-0: Ball
Wild Pitch!
Kyle Bridges to third
1-0: Swinging Strike
1-1: Ball
2-1: Foul Ball, location: 2F
2-2: SINGLE (Line Drive, 78S)
Kyle Bridges scores
Batting: RHB Paul Houston 0-0: Ball
1-0: Ground out 4-3 (Groundball, 4)
Top of the 5th over - 1 run(s), 2 hit(s), 0 error(s), 1 left on base; Louisville 1 - Atlanta 0
BOTTOM OF THE 5TH
Atlanta Smoke batting - Pitching for Louisville BC : RHP John Wilkins
Batting: RHB Bartolo Morales 0-0: Ball
1-0: Ball
2-0: Ball
3-0: Called Strike
3-1: Ground out 6-3 (Groundball, 56)
Batting: RHB Mike Burns 0-0: Ball
1-0: Foul Ball, location: 2F
1-1: Foul Ball, location: 2F
1-2: Ground out 4-3 (Groundball, 4)
Batting: LHB Albert Morán 0-0: Foul Ball, location: 2F
0-1: Swinging Strike
0-2: SINGLE (Line Drive, 4MD)
Batting: RHB Mike Brown 0-0: Called Strike
0-1: Fielders Choice at 2nd, 6-4 (Groundball, 6)
Bottom of the 5th over - 0 run(s), 1 hit(s), 0 error(s), 0 left on base; Louisville 1 - Atlanta 0
TOP OF THE 6TH
Louisville BC batting - Pitching for Atlanta Smoke : RHP Makoto Kato
Batting: RHB Keith Best 0-0: Ball
1-0: TRIPLE (Line Drive, 8LM)
Batting: RHB Andrés Rodríguez 0-0: Called Strike
0-1: 2-RUN HOME RUN (Flyball, 89XD), Distance : 426 ft
Batting: LHB Tim Hargrove 0-0: Swinging Strike
0-1: Foul Ball, location: 2F
0-2: Ball
1-2: Strikes out looking
Batting: RHB Chi-ju Zhang 0-0: Called Strike
0-1: Fly out, F6 (Popup, 6D)
Batting: RHB Luis Mendoza 0-0: Ball
1-0: Foul Ball, location: 2F
1-1: Foul Ball, location: 2F
1-2: Ball
2-2: Fly out, F4 (Popup, 3DF)
Top of the 6th over - 2 run(s), 2 hit(s), 0 error(s), 0 left on base; Louisville 3 - Atlanta 0
BOTTOM OF THE 6TH
Atlanta Smoke batting - Pitching for Louisville BC : RHP John Wilkins
Batting: RHB Bob Campbell 0-0: Ball
1-0: Reached on Error, E9 (Line Drive, 9S)
Batting: RHB Iván Pérez 0-0: Ball
1-0: Called Strike
1-1: Foul Ball, location: 2F
1-2: Strikes out swinging
Batting: LHB Armando Esparza 0-0: Ball
1-0: Called Strike
1-1: SINGLE (Groundball, 15) (infield hit)
Bob Campbell to second
Batting: RHB Cale Sutton 0-0: Ball
1-0: Swinging Strike
1-1: Ground out 6-3 (Groundball, 6MS)
Bob Campbell to third
Armando Esparza to second
Batting: RHB Chris Teague 0-0: Ball
1-0: Ball
2-0: Ball
3-0: Called Strike
3-1: Fly out, F3 (Popup, 3F)
Bottom of the 6th over - 0 run(s), 1 hit(s), 1 error(s), 2 left on base; Louisville 3 - Atlanta 0
TOP OF THE 7TH
Louisville BC batting - Pitching for Atlanta Smoke : RHP Makoto Kato
Batting: LHB Gregory Johnson 0-0: Swinging Strike
0-1: SINGLE (Flyball, 9S)
Batting: RHB Kyle Bridges 0-0: Bunt missed!
0-1: Sac Bunt - play at first, batter OUT! 1-4
Gregory Johnson to second
Batting: RHB Roberto Guerrero 0-0: Called Strike
0-1: Ball
1-1: Ball
2-1: Swinging Strike
2-2: Foul Ball, location: 2F
2-2: Ground out 5-3 (Groundball, 5)
Pitching: RHP Iván García
Batting: RHB Paul Houston 0-0: Ball
1-0: Fly out, F9 (Flyball, 9M)
Top of the 7th over - 0 run(s), 1 hit(s), 0 error(s), 1 left on base; Louisville 3 - Atlanta 0
BOTTOM OF THE 7TH
Atlanta Smoke batting - Pitching for Louisville BC : RHP John Wilkins
Batting: RHB Bartolo Morales 0-0: Ball
1-0: TRIPLE (Flyball, 78M)
Pitching: LHP Ronaldo Rey
Batting: RHB Mike Burns 0-0: Swinging Strike
0-1: 2-RUN HOME RUN (Flyball, 7D), Distance : 413 ft
Batting: LHB Albert Morán 0-0: Ball
1-0: Ground out U3 (Groundball, 3S)
Batting: RHB Mike Brown 0-0: Ground out 6-3 (Groundball, 6)
Batting: RHB Bob Campbell 0-0: Called Strike
0-1: Ball
1-1: Ball
2-1: Ball
3-1: Base on Balls
Batting: RHB Iván Pérez 0-0: Called Strike
0-1: Called Strike
0-2: Strikes out swinging
Bottom of the 7th over - 2 run(s), 2 hit(s), 0 error(s), 1 left on base; Louisville 3 - Atlanta 2
TOP OF THE 8TH
Louisville BC batting - Pitching for Atlanta Smoke : RHP Iván García
Batting: RHB Keith Best 0-0: Ball
1-0: Ball
2-0: Foul Ball, location: 2F
2-1: DOUBLE (Line Drive, 7LM)
Batting: RHB Andrés Rodríguez 0-0: Called Strike
0-1: Fly out, F8 (Line Drive, 8RM)
Batting: LHB Tim Hargrove 0-0: Ball
1-0: Ball
2-0: Foul Ball, location: 2F
2-1: Ball
3-1: Ground out 5-3 (Groundball, 56)
Batting: RHB Chi-ju Zhang 0-0: Swinging Strike
0-1: Ball
1-1: Called Strike
1-2: Strikes out swinging
Top of the 8th over - 0 run(s), 1 hit(s), 0 error(s), 1 left on base; Louisville 3 - Atlanta 2
BOTTOM OF THE 8TH
Atlanta Smoke batting - Pitching for Louisville BC : LHP Ronaldo Rey
Now at 2B: Noriaki Okada
Batting: LHB Armando Esparza 0-0: Ball
1-0: Ball
2-0: Foul Ball, location: 2F
2-1: Ball
3-1: SINGLE (Flyball, 8RS)
Pitching: RHP Austin Stewart
Batting: RHB Cale Sutton 0-0: Called Strike
0-1: Bunt missed!
0-2: Ball
1-2: Fly out, F8 (Flyball, 8LM)
Batting: RHB Chris Teague 0-0: Ball
1-0: Swinging Strike
1-1: Ball
2-1: Foul Ball, location: 2F
2-2: Ball
3-2: Strikes out swinging
Pinch Hitting: LHB Michael Smith 0-0: Fly out, F8 (Line Drive, 8LS)
Bottom of the 8th over - 0 run(s), 1 hit(s), 0 error(s), 1 left on base; Louisville 3 - Atlanta 2
TOP OF THE 9TH
Louisville BC batting - Pitching for Atlanta Smoke : RHP Iván García
Pitching: RHP Fred Pitts
Now at 1B: Michael Smith
Batting: RHB Luis Mendoza 0-0: Called Strike
0-1: Called Strike
0-2: Ball
1-2: Strikes out swinging
Batting: LHB Gregory Johnson 0-0: Ball
1-0: Ball
2-0: Called Strike
2-1: Called Strike
2-2: Strikes out swinging
Batting: RHB Kyle Bridges 0-0: Ball
1-0: Ball
2-0: Foul Ball, location: 2F
2-1: Ball
3-1: Ground out 6-3 (Groundball, 6)
Top of the 9th over - 0 run(s), 0 hit(s), 0 error(s), 0 left on base; Louisville 3 - Atlanta 2
BOTTOM OF THE 9TH
Atlanta Smoke batting - Pitching for Louisville BC : RHP Austin Stewart
Pitching: LHP Pat Farrell
Batting: RHB Mike Burns 0-0: Ball
1-0: Fly out, F8 (Flyball, 8LD)
Batting: LHB Albert Morán 0-0: Called Strike
0-1: Swinging Strike
0-2: Foul Ball, location: 2F
0-2: Fly out, F8 (Flyball, 8RXD)
Batting: RHB Mike Brown 0-0: Ball
1-0: Ball
2-0: Ball
3-0: Base on Balls
Batting: RHB Bob Campbell 0-0: Ball
1-0: Called Strike
1-1: Foul Ball, location: 2F
1-2: Ball
2-2: Strikes out looking
Bottom of the 9th over - 0 run(s), 0 hit(s), 0 error(s), 1 left on base; Louisville 3 - Atlanta 2
This league is powered by Out of the Park Baseball, the baseball management simulation game for PC, Mac and Linux
Friday, April 15th, 2016 - OOTP Baseball 16.9 Build 39